[Event "ICC tourney 2532 (25 5)"]
[Site "Internet Chess Club"]
[Date "2021.04.24"]
[Round "3"]
[White "XIAO, EDWARD:K12-15784954"]
[Black "GUO, ARTHUR:K12-14772092"]
[Result "0-1"]
[ICCResult "White checkmated"]
[WhiteElo "1942"]
[BlackElo "2447"]
[Opening "Sicilian: Najdorf, Lipnitzky attack"]
[ECO "B86"]
[NIC "SI.13"]
[Time "15:09:18"]
[PlyCount "116"]
[TimeControl "1500+5"]

1. e4 c5 2. Nf3 d6 3. d4 cxd4 4. Nxd4 Nf6 5. Nc3 a6 6. Bc4 e6 7. Bb3 Nbd7
8. f4 Nc5 9. f5 e5 10. Nde2 Be7 11. O-O O-O 12. Ng3 h6 13. Nh5 b5 14. Nxf6+
Bxf6 15. Bd5 Rb8 16. Qg4 Kh7 17. Be3 Qc7 18. Rf3 b4 19. Ne2 Bb7 20. Rh3
Bxd5 21. exd5 Nd7 22. Qh5 Kg8 23. Bxh6 Rfc8 24. Bg5 Kf8 25. Qh8+ Ke7 26.
Qxg7 Rg8 27. Bxf6+ Nxf6 28. Qh6 Qxc2 29. Qe3 Nxd5 30. f6+ Nxf6 31. Rc1 Qe4
32. Rc7+ Ke6 33. Qf2 Rbc8 34. Rxc8 Rxc8 35. Rh6 Qb1+ 36. Qf1 Qxf1+ 37. Kxf1
Kf5 38. Rh4 e4 39. g4+ Kg5 40. Rh3 Kxg4 41. Rg3+ Kf5 42. Kf2 Ng4+ 43. Kg1
Ne5 44. h3 Nf3+ 45. Kf1 d5 46. b3 d4 47. Rg7 Kf6 48. Rg3 d3 49. Nf4 Rc1+
50. Kf2 d2 51. Nd5+ Ke5 52. Ne3 d1=Q 53. Nxd1 Rxd1 54. Rg8 f5 55. Re8+ Kf4
56. h4 Rd2+ 57. Kf1 Ke3 58. Ra8 Rf2# { White checkmated } 0-1

[Event "ICC tourney 2532 (25 5)"]
[Site "Internet Chess Club"]
[Date "2021.04.24"]
[Round "3"]
[White "LADAN, NICHOLAS:K12-15092641"]
[Black "MORAN, ELLA:K12-14650774"]
[Result "1-0"]
[ICCResult "Black resigns"]
[WhiteElo "2083"]
[BlackElo "1786"]
[Opening "Réti: King's Indian attack (Barcza system)"]
[ECO "A07"]
[NIC "QP.09"]
[Time "15:09:46"]
[PlyCount "107"]
[TimeControl "1500+5"]

1. Nf3 d5 2. g3 Nf6 3. Bg2 c5 4. O-O Nc6 5. d4 cxd4 6. Nxd4 e5 7. Nxc6 bxc6
8. c4 Bb7 9. Qa4 Qd7 10. Rd1 Bc5 11. Bg5 Bxf2+ 12. Kxf2 Qf5+ 13. Kg1 Qxg5
14. cxd5 Ng4 15. Qb3 O-O-O 16. Na3 Qe3+ 17. Qxe3 Nxe3 18. Bh3+ Kb8 19. Rd3
Nxd5 20. Nc4 f6 21. Na5 Nb6 22. Rc1 Rxd3 23. exd3 Rd8 24. Bf5 g6 25. Be4
Rd6 26. b4 f5 27. Bxc6 Bxc6 28. Nxc6+ Kb7 29. Nxe5 Rd5 30. Rc5 Rd4 31. a3
Nd7 32. Nxd7 Rxd7 33. Rc3 Re7 34. Kf2 Kb6 35. Rc5 Kb7 36. d4 Kb8 37. Re5
Rc7 38. d5 Rc3 39. d6 Rd3 40. Re8+ Kb7 41. Re7+ Kc6 42. Rxa7 Kxd6 43. b5
Rb3 44. a4 Rb2+ 45. Kf3 Rxh2 46. b6 Rb2 47. a5 Kc6 48. Rc7+ Kd6 49. Rxh7
Ra2 50. b7 Rb2 51. a6 Rb3+ 52. Kf4 Kc6 53. a7 Rxb7 54. a8=Q { Black resigns
} 1-0

[Event "ICC tourney 2532 (25 5)"]
[Site "Internet Chess Club"]
[Date "2021.04.24"]
[Round "3"]
[White "KATE LEE, YESUN:K12-15365623"]
[Black "BIRADAVOLU, ASRITH:K12-14190950"]
[Result "1/2-1/2"]
[ICCResult "Game drawn by mutual agreement"]
[WhiteElo "1891"]
[BlackElo "1445"]
[Opening "King's Indian: orthodox, 7...Nbd7"]
[ECO "E94"]
[NIC "KI.14"]
[Time "15:09:59"]
[PlyCount "134"]
[TimeControl "1500+5"]

1. d4 Nf6 2. c4 g6 3. Nc3 Bg7 4. e4 d6 5. Nf3 O-O 6. Be2 Nbd7 7. O-O e5 8.
h3 exd4 9. Nxd4 Nc5 10. f3 Nh5 11. Be3 Ng3 12. Re1 Ne6 13. Rc1 c6 14. b4
Qf6 15. Nxe6 Bxe6 16. Qxd6 Nxe2+ 17. Nxe2 Rfd8 18. Qc7 Rd7 19. Qa5 Rd3 20.
Bf2 Qb2 21. Rb1 Qc2 22. Nf4 Rd2 23. Be3 b6 24. Qg5 Rd7 25. Nxe6 fxe6 26. c5
Qxa2 27. cxb6 axb6 28. Bxb6 Qc4 29. Rec1 Qb5 30. Qxb5 cxb5 31. Rd1 Rxd1+
32. Rxd1 Bc3 33. Ba5 Ra7 34. Rd6 Kf7 35. Kf1 Rb7 36. Rc6 Bd4 37. Ke2 Ke7
38. Rc8 Kd6 39. Kd3 e5 40. f4 Rd7 41. g4 Rf7 42. f5 Kd7 43. Rb8 Kc6 44.
Rc8+ Kd7 45. Rc7+ Ke8 46. Rxf7 Kxf7 47. Bc7 Ke7 48. g5 Kd7 49. Bb8 Ke7 50.
h4 Kd7 51. f6 Ke6 52. Ke2 Kf7 53. Bd6 Ke6 54. Be7 Kf7 55. Bc5 Bc3 56. Kf3
Bb2 57. Kg4 Bc3 58. h5 Bb2 59. hxg6+ hxg6 60. Bd6 Bc3 61. Bc5 Bb2 62. Kf3
Bc3 63. Ke3 Bb2 64. Kd2 Ba1 65. Kc2 Ke6 66. Kd3 Bb2 67. Kc2 Ba1 { Game
drawn by mutual agreement } 1/2-1/2

[Event "ICC tourney 2532 (25 5)"]
[Site "Internet Chess Club"]
[Date "2021.04.24"]
[Round "3"]
[White "KUNG, THOMAS:K12-14583075"]
[Black "IYER, MANTRA:K12-15233290"]
[Result "0-1"]
[ICCResult "White forfeits on time"]
[WhiteElo "2293"]
[BlackElo "1866"]
[Opening "Four knights: symmetrical, Maróczy system"]
[ECO "C49"]
[NIC "KP.03"]
[Time "15:10:27"]
[PlyCount "130"]
[TimeControl "1500+5"]

1. e4 e5 2. Nf3 Nc6 3. Nc3 Nf6 4. Bb5 Bb4 5. O-O O-O 6. d3 d6 7. Ne2 Ne7 8.
c3 Ba5 9. Ng3 c6 10. Ba4 Ng6 11. h3 d5 12. Bb3 Re8 13. Bg5 h6 14. Bxf6 Qxf6
15. exd5 cxd5 16. Bxd5 Nf4 17. Be4 Bb6 18. Kh2 Rb8 19. Ng1 Be6 20. Qf3 Rbd8
21. Rfd1 Rd7 22. Rd2 Qe7 23. N1e2 Nxe2 24. Qxe2 Red8 25. Bf5 Bxf5 26. Nxf5
Qg5 27. Ng3 Bc7 28. Kg1 f5 29. Rad1 Rf8 30. Nf1 Rfd8 31. Qf3 Bb6 32. Qe2
Bc7 33. Ne3 Rf8 34. Qf3 Bb6 35. Nc4 Re8 36. Nxb6 axb6 37. Qe3 Qf6 38. a3
Qc6 39. f3 Rde7 40. Qf2 Qf6 41. Re2 Qd6 42. d4 Qd5 43. Rde1 e4 44. Re3 Re6
45. Qe2 R8e7 46. fxe4 Rxe4 47. Rxe4 Rxe4 48. Qf2 Qe6 49. Rf1 Re2 50. Qxf5
Qxf5 51. Rxf5 Rxb2 52. a4 Rc2 53. Rb5 Rxc3 54. d5 Ra3 55. Kf2 Rxa4 56. Rxb6
Rd4 57. Rb5 Kf7 58. Ke3 Ra4 59. Rxb7+ Kf6 60. d6 Ra6 61. d7 Ke7 62. Kf4 g5+
63. Kg4 Rd6 64. Kh5 Rd3 65. Kxh6 Rg3 { White forfeits on time } 0-1

[Event "ICC tourney 2532 (25 5)"]
[Site "Internet Chess Club"]
[Date "2021.04.24"]
[Round "3"]
[White "ZHOU, LEONARDO:K12-30049875"]
[Black "BIYANOV, ALEX:K12-15198345"]
[Result "0-1"]
[ICCResult "White checkmated"]
[WhiteElo "847"]
[BlackElo "1563"]
[Opening "Scotch game"]
[ECO "C45"]
[NIC "SO.05"]
[Time "15:10:07"]
[PlyCount "150"]
[TimeControl "1500+5"]

1. e4 e5 2. Nf3 Nc6 3. d4 exd4 4. Nxd4 Bc5 5. Be3 Qf6 6. Nxc6 Bxe3 7. fxe3
dxc6 8. Nc3 Be6 9. Bd3 Ne7 10. Qd2 Bg4 11. Rf1 Qh4+ 12. g3 Qh5 13. Bc4 O-O
14. Be2 Rad8 15. Bxg4 Qxg4 16. Qe2 Qxe2+ 17. Kxe2 Ng6 18. Rad1 Ne5 19. b3
f6 20. h3 Kf7 21. Na4 b6 22. Nb2 Ke6 23. Nd3 a5 24. a4 c5 25. Nf4+ Ke7 26.
Nd5+ Kf7 27. Nxc7 c4 28. Nb5 h5 29. Rd5 Kg6 30. Rd4 cxb3 31. cxb3 Rc8 32.
Rd2 Rc6 33. Rf5 Rc1 34. Rf1 Rfc8 35. Rxc1 Rxc1 36. Rd1 Rc2+ 37. Rd2 Rc1 38.
Nd6 Rb1 39. Nc4 Rxb3 40. Nxe5+ fxe5 41. Rd5 Kf6 42. Rd6+ Kf7 43. Rd7+ Kf6
44. Kf3 Rb4 45. Rd6+ Kf7 46. g4 hxg4+ 47. hxg4 Rxa4 48. Rxb6 Ra1 49. Rb5
Ke6 50. Rb7 g6 51. Rb6+ Kf7 52. Rb5 Kf6 53. Rb6+ Ke7 54. Rxg6 a4 55. Rg5
Kf6 56. Rf5+ Ke6 57. Rf8 Rf1+ 58. Kg3 Rxf8 59. g5 Rg8 60. Kg4 Rxg5+ 61.
Kxg5 a3 62. Kg6 a2 63. Kg7 a1=Q 64. Kg6 Qe1 65. Kg7 Qxe3 66. Kf8 Qxe4 67.
Kg7 Qf4 68. Kg6 e4 69. Kg7 e3 70. Kg6 e2 71. Kg7 Qf5 72. Kg8 e1=Q 73. Kg7
Qee5+ 74. Kg8 Qg6+ 75. Kf8 Qef6# { White checkmated } 0-1

[Event "ICC tourney 2532 (25 5)"]
[Site "Internet Chess Club"]
[Date "2021.04.24"]
[Round "3"]
[White "XU, KEVIN:K12-15437078"]
[Black "AKELLA, NITIN:K12-15004804"]
[Result "1-0"]
[ICCResult "Black forfeits on time"]
[WhiteElo "2091"]
[BlackElo "1790"]
[Opening "Benoni: classical with e4 and Nf3"]
[ECO "A70"]
[NIC "BI.20"]
[Time "15:10:08"]
[PlyCount "103"]
[TimeControl "1500+5"]

1. d4 Nf6 2. c4 e6 3. Nf3 c5 4. d5 exd5 5. cxd5 d6 6. e4 g6 7. Nc3 Bg7 8.
Bd3 O-O 9. O-O a6 10. a4 Re8 11. h3 Nfd7 12. Bf4 Ne5 13. Nxe5 Bxe5 14. Bxe5
Rxe5 15. f4 Re8 16. Kh1 Qh4 17. Qf3 Nd7 18. Rae1 Nf6 19. b3 Bg4 20. Qf2
Qxf2 21. Rxf2 Bd7 22. Ree2 Rab8 23. e5 Nh5 24. Kh2 b5 25. g4 Ng7 26. Ne4
Kf8 27. Nf6 Red8 28. Nxh7+ Kg8 29. Nf6+ Kf8 30. axb5 Bxb5 31. Bc4 Ne8 32.
Nxe8 Bxe8 33. e6 fxe6 34. Rxe6 a5 35. f5 gxf5 36. Rxf5+ Kg7 37. h4 a4 38.
bxa4 Bxa4 39. h5 Bc2 40. Rf2 Bb1 41. Kg3 Rb4 42. Be2 c4 43. Re7+ Kg8 44.
Rc7 Rb3+ 45. Rf3 Be4 46. Rxb3 cxb3 47. Rb7 Bxd5 48. Rb5 Be6 49. g5 Rc8 50.
h6 Rc5 51. Rb8+ Bc8 52. g6 { Black forfeits on time } 1-0

[Event "ICC tourney 2532 (25 5)"]
[Site "Internet Chess Club"]
[Date "2021.04.24"]
[Round "3"]
[White "STORM GALE, LIAM:K12-16845608"]
[Black "XU, NOAH:K12-15302005"]
[Result "0-1"]
[ICCResult "White resigns"]
[WhiteElo "1146"]
[BlackElo "1897"]
[Opening "King's Indian: 4.e4"]
[ECO "E70"]
[NIC "KI.31"]
[Time "15:10:10"]
[PlyCount "178"]
[TimeControl "1500+5"]

1. d4 Nf6 2. c4 g6 3. Nc3 Bg7 4. e4 d6 5. d5 O-O 6. h3 c6 7. Be2 a6 8. Nf3
Bd7 9. Be3 Qa5 10. O-O b5 11. Qc2 bxc4 12. Bxc4 cxd5 13. Nxd5 Nxd5 14. Bxd5
Nc6 15. Bxc6 Rac8 16. Bd2 Qb6 17. Bc3 Rxc6 18. Rac1 Rfc8 19. Qd2 Bxc3 20.
bxc3 Qa5 21. Nd4 Rxc3 22. Ne2 R3c5 23. Qxa5 Rxa5 24. Rxc8+ Bxc8 25. Ra1 Be6
26. a3 Kg7 27. f3 Kf6 28. Kf2 d5 29. exd5 Bxd5 30. Ke3 e5 31. Nc3 Bc6 32.
Ne4+ Bxe4 33. Kxe4 Ke6 34. h4 Ra4+ 35. Ke3 Rxh4 36. g4 h5 37. Rb1 hxg4 38.
Rb6+ Kf5 39. fxg4+ Rxg4 40. Rxa6 Rg3+ 41. Kf2 Rb3 42. a4 Ra3 43. a5 Ke4 44.
Ra8 Kd5 45. a6 Kc6 46. Rf8 f5 47. Rf6+ Kb5 48. Rxg6 Rxa6 49. Rg5 Rf6 50.
Ke3 Kc5 51. Rh5 Kd5 52. Rg5 f4+ 53. Kd3 f3 54. Rg1 e4+ 55. Ke3 Re6 56. Rd1+
Ke5 57. Rg1 Kf5 58. Rg3 Rg6 59. Rh3 Kg4 60. Rh1 Re6 61. Rg1+ Kh3 62. Kf2
Kh2 63. Re1 Kh3 64. Rg1 Kh4 65. Ke3 Re8 66. Kf2 Re7 67. Ke3 Kh5 68. Kf2 Re5
69. Ke3 Re6 70. Kf2 Rg6 71. Re1 Rg4 72. Rf1 Kg5 73. Ke3 Kf5 74. Rf2 Rg2 75.
Rf1 Re2+ 76. Kd4 Kf4 77. Kc3 Ke3 78. Rd1 f2 79. Rd8 f1=Q 80. Kb4 Qb1+ 81.
Kc4 Rc2+ 82. Kd5 Qd1+ 83. Ke5 Qxd8 84. Kf5 Rc5+ 85. Ke6 Qd5+ 86. Kf6 Rc6+
87. Ke7 Qd6+ 88. Ke8 Rc8+ 89. Kf7 Rc7+ { White resigns } 0-1

[Event "ICC tourney 2532 (25 5)"]
[Site "Internet Chess Club"]
[Date "2021.04.24"]
[Round "3"]
[White "ANAND, SANJEEV:K12-14436451"]
[Black "VANDERKOLK, ETHAN:K12-15405072"]
[Result "1-0"]
[ICCResult "Black forfeits on time"]
[WhiteElo "1753"]
[BlackElo "1088"]
[Opening "Caro-Kann: classical variation"]
[ECO "B18"]
[NIC "CK.10"]
[Time "15:09:31"]
[PlyCount "107"]
[TimeControl "1500+5"]

1. e4 c6 2. d4 d5 3. Nc3 dxe4 4. Nxe4 Bf5 5. Ng3 Bg6 6. Nf3 Nf6 7. Ne5 Nbd7
8. Nxg6 hxg6 9. Bc4 Nb6 10. Bb3 e6 11. Bg5 Be7 12. c3 Nfd5 13. Bxe7 Qxe7
14. Qf3 a5 15. a4 c5 16. dxc5 Qxc5 17. Ne4 Qe7 18. g3 f5 19. Nd2 Rd8 20.
Qe2 f4 21. Qb5+ Kf7 22. c4 Nb4 23. Qxb6 Nd3+ 24. Ke2 Qd7 25. Qxa5 Qd4 26.
Raf1 Nc5 27. Qc3 Nxb3 28. Qxd4 Nxd4+ 29. Ke1 f3 30. g4 g5 31. h3 Kg6 32. h4
gxh4 33. Rh3 Rhf8 34. Rxh4 Rf4 35. Rfh1 Nc2+ 36. Kd1 Rxc4 37. g5 Rc7 38.
Rf4 Rcd7 39. Kxc2 Rxd2+ 40. Kc3 Rxf2 41. Rh3 Rdd2 42. Rhxf3 Rc2+ 43. Kd4
Rxf3 44. Rxf3 Rxb2 45. Ke5 Rg2 46. Kxe6 Rxg5 47. Rb3 Ra5 48. Rb4 Kg5 49.
Kd7 g6 50. Kc7 Kh5 51. Kxb7 g5 52. Kb6 Rf5 53. a5 g4 54. a6 { Black
forfeits on time } 1-0

[Event "ICC tourney 2532 (25 5)"]
[Site "Internet Chess Club"]
[Date "2021.04.24"]
[Round "3"]
[White "MISYUTIN, VICTOR:K12-17330043"]
[Black "LU, SAMUEL:K12-16373562"]
[Result "0-1"]
[ICCResult "White checkmated"]
[WhiteElo "917"]
[BlackElo "1615"]
[Opening "Queen's pawn: London system"]
[ECO "A45"]
[NIC "QP.07"]
[Time "15:10:47"]
[PlyCount "110"]
[TimeControl "1500+5"]

1. d4 Nf6 2. Bf4 d5 3. e3 Bf5 4. c4 e6 5. Nc3 Bd6 6. Bg3 O-O 7. Nf3 Re8 8.
Ne5 Nbd7 9. cxd5 exd5 10. Nxd7 Qxd7 11. Be2 c6 12. Bxd6 Qxd6 13. O-O Ne4
14. Rc1 Re6 15. Bg4 Bxg4 16. Qxg4 Rg6 17. Nxe4 dxe4 18. Qxe4 Qd7 19. Rfd1
Re8 20. Qf3 Rd6 21. Rc3 Qe6 22. a3 Qa2 23. Qe2 Qd5 24. b4 Red8 25. Rdc1 Qe6
26. Qb2 Re8 27. R3c2 Qe4 28. b5 cxb5 29. Qxb5 a6 30. Qb4 Rdd8 31. Rc7 Qd3
32. Rxb7 Rxe3 33. Rb8 Ree8 34. Rxd8 Rxd8 35. Qa5 Qxd4 36. Qxa6 Qb2 37. Qc4
Qxa3 38. g3 h6 39. Qc7 Qd3 40. Qf4 Qe2 41. Rc7 Rd1+ 42. Kg2 Qf1+ 43. Kf3
Rd3+ 44. Kg4 Qe2+ 45. f3 Qe6+ 46. Qf5 Rd4+ 47. f4 h5+ 48. Kg5 f6+ 49. Qxf6
Qxf6+ 50. Kxh5 Rd5+ 51. Kg4 Qf5+ 52. Kf3 Rd3+ 53. Ke2 Qe4+ 54. Kf1 Qf3+ 55.
Ke1 Rd1# { White checkmated } 0-1

[Event "ICC tourney 2532 (25 5)"]
[Site "Internet Chess Club"]
[Date "2021.04.24"]
[Round "3"]
[White "WANG, LUKE:K12-14250470"]
[Black "ROOPE, JAYLEN:K12-16442587"]
[Result "1-0"]
[ICCResult "Black forfeits on time"]
[WhiteElo "2016"]
[BlackElo "1514"]
[Opening "English: symmetrical variation"]
[ECO "A30"]
[NIC "EO.64"]
[Time "15:10:10"]
[PlyCount "129"]
[TimeControl "1500+5"]

1. c4 c5 2. g3 Nf6 3. Bg2 e5 4. Nc3 d6 5. Nf3 Nc6 6. O-O Be6 7. d3 g6 8.
Ng5 Qd7 9. Nxe6 Qxe6 10. Bd2 Bg7 11. Rb1 O-O 12. Nd5 Rac8 13. b4 b6 14. Qa4
Qd7 15. bxc5 dxc5 16. Bg5 Nxd5 17. Bxd5 Nb8 18. Qxd7 Nxd7 19. a4 h6 20. Bd2
Nf6 21. Bg2 Rfe8 22. a5 Rb8 23. axb6 axb6 24. Bc3 g5 25. Ra1 Re7 26. Rfb1
e4 27. Ra6 exd3 28. exd3 Rd7 29. Raxb6 Rxb6 30. Rxb6 Nh7 31. Rb8+ Nf8 32.
Bxg7 Kxg7 33. Bd5 Rc7 34. Kg2 Nd7 35. Rb7 Rxb7 36. Bxb7 Kf6 37. f4 Nf8 38.
Bd5 Ng6 39. Kf3 gxf4 40. gxf4 Ne7 41. Be4 Nc8 42. Ke3 Ke7 43. d4 Kd6 44.
Kd3 Nb6 45. Bf5 Na4 46. Be4 Nb2+ 47. Kc3 Nd1+ 48. Kc2 Nf2 49. dxc5+ Kxc5
50. Bd5 f6 51. Kd2 Ng4 52. h4 Nf2 53. Ke3 Nd1+ 54. Ke4 Nc3+ 55. Kf5 Ne2 56.
Kxf6 Nxf4 57. Kf5 Nd3 58. Kg6 Nf4+ 59. Kxh6 Kd6 60. h5 Ke7 61. Kg5 Nd3 62.
h6 Kf8 63. Kf6 Nf4 64. h7 Nh5+ 65. Kg5 { Black forfeits on time } 1-0

[Event "ICC tourney 2532 (25 5)"]
[Site "Internet Chess Club"]
[Date "2021.04.24"]
[Round "3"]
[White "GUNDAM, ROHIT:K12-14908373"]
[Black "BENJAMIN JONES, JACOB:K12-16585267"]
[Result "1/2-1/2"]
[ICCResult "Game drawn by mutual agreement"]
[WhiteElo "2190"]
[BlackElo "1891"]
[Opening "King's Indian: 5.Nf3"]
[ECO "E90"]
[NIC "KI.20"]
[Time "15:09:50"]
[PlyCount "126"]
[TimeControl "1500+5"]

1. d4 Nf6 2. c4 g6 3. Nc3 Bg7 4. e4 d6 5. Nf3 O-O 6. h3 e5 7. d5 a5 8. Be3
Na6 9. Be2 Nd7 10. g4 f5 11. exf5 gxf5 12. gxf5 Ndc5 13. Rg1 Bxf5 14. Bg5
Qe8 15. Nh4 Bg6 16. Qd2 Nb4 17. Nxg6 Qxg6 18. Rg3 Kh8 19. Be7 Qf5 20. Rf3
Ncd3+ 21. Kf1 Qxf3 22. Bxf3 Rxf3 23. Bh4 Rxh3 24. Bg3 Rh1+ 25. Kg2 Rxa1 26.
a3 Nf4+ 27. Bxf4 exf4 28. axb4 Rg8 29. Kf3 axb4 30. Ne2 Rb1 31. Qc2 Rxb2
32. Qe4 Be5 33. Nd4 Ra2 34. Qb1 Ra3+ 35. Ke4 Re8 36. Qxb4 Ra1 37. Ne6 b6
38. Qb5 Re7 39. Qc6 Ra7 40. Kf3 Rf7 41. Ng5 Rf8 42. Qd7 Bg7 43. Ne6 Ra3+
44. Ke4 Rg8 45. Nxg7 Rxg7 46. Qd8+ Rg8 47. Qxc7 Re8+ 48. Kf5 Rf8+ 49. Ke6
Ra2 50. Qxd6 Re2+ 51. Kd7 Rf7+ 52. Kc6 Rxf2 53. Qe5+ Kg8 54. d6 Rd2 55.
Qg5+ Kh8 56. Qh5 Rf6 57. Qe8+ Kg7 58. Qe7+ Kg6 59. Qe4+ Kg5 60. Qe5+ Kg6
61. Qe4+ Kg7 62. Qe7+ Kg6 63. Qe4+ Kg5 { Game drawn by mutual agreement }
1/2-1/2

[Event "ICC tourney 2532 (25 5)"]
[Site "Internet Chess Club"]
[Date "2021.04.24"]
[Round "3"]
[White "MCCOY, OWEN:K12-14447115"]
[Black "HELLER, JACK:K12-15613715"]
[Result "1-0"]
[ICCResult "Black checkmated"]
[WhiteElo "2251"]
[BlackElo "1927"]
[Opening "Queen's pawn: Torre attack"]
[ECO "A45"]
[NIC "QP.04"]
[Time "15:10:10"]
[PlyCount "163"]
[TimeControl "1500+5"]

1. d4 Nf6 2. Bg5 e6 3. Nf3 Be7 4. Nbd2 d5 5. e3 O-O 6. Bd3 h6 7. Bh4 b6 8.
Qe2 Nbd7 9. c3 c5 10. O-O Bb7 11. Bc2 Ne4 12. Bxe7 Qxe7 13. Nxe4 dxe4 14.
Nd2 Nf6 15. a4 e5 16. dxc5 Qxc5 17. Rfd1 a5 18. Bb3 Rad8 19. Bc4 Bd5 20.
Bxd5 Rxd5 21. Nb3 Qc6 22. Rxd5 Qxd5 23. Nd2 Rd8 24. Nc4 Qc5 25. Na3 Qd5 26.
h3 Qd3 27. Kf1 Kf8 28. Nc4 Qxe2+ 29. Kxe2 Nd7 30. Rd1 Ke7 31. Nd6 g5 32.
Nxe4 f5 33. Ng3 Rf8 34. e4 fxe4 35. Nxe4 Nc5 36. Nxc5 bxc5 37. g3 Rb8 38.
Rd2 Ke6 39. Kd3 Rd8+ 40. Kc2 Rxd2+ 41. Kxd2 Kd5 42. Kd3 c4+ 43. Ke3 e4 44.
f3 exf3 45. Kxf3 h5 46. Ke3 Ke5 47. Kf3 Kf5 48. h4 g4+ 49. Ke3 Ke5 50. Kd2
Ke4 51. Ke2 Ke5 52. Ke3 Kd5 53. Kf4 Ke6 54. Kg5 Ke5 55. Kxh5 Kf5 56. Kh6
Ke4 57. h5 Kf3 58. Kg6 Kxg3 59. h6 Kf2 60. h7 g3 61. h8=Q g2 62. Qd4+ Kf1
63. Qxc4+ Kg1 64. Kg5 Kh1 65. Qh4+ Kg1 66. c4 Kf1 67. Qh3 Kf2 68. Qxg2+
Kxg2 69. c5 Kf2 70. c6 Ke2 71. c7 Kd3 72. c8=Q Kd2 73. Qc3+ Ke2 74. b4 axb4
75. Qxb4 Kd3 76. a5 Kc2 77. a6 Kd3 78. a7 Ke3 79. a8=Q Kf2 80. Qaa3 Ke2 81.
Qbb2+ Ke1 82. Qaa1# { Black checkmated } 1-0

[Event "ICC tourney 2532 (25 5)"]
[Site "Internet Chess Club"]
[Date "2021.04.24"]
[Round "3"]
[White "WOLFSON, BRIAN:K12-14879271"]
[Black "HUNG, DANIEL:K12-14504425"]
[Result "1/2-1/2"]
[ICCResult "Game drawn by mutual agreement"]
[WhiteElo "1838"]
[BlackElo "2185"]
[Opening "Réti: King's Indian attack (Barcza system)"]
[ECO "A07"]
[NIC "QP.09"]
[Time "15:10:27"]
[PlyCount "101"]
[TimeControl "1500+5"]

1. Nf3 d5 2. g3 Nf6 3. Bg2 c6 4. O-O Bf5 5. d4 g6 6. c4 Bg7 7. Nc3 O-O 8.
Re1 dxc4 9. e4 Bg4 10. Be3 Nbd7 11. h3 Bxf3 12. Qxf3 e5 13. Rad1 b5 14. Qe2
Qa5 15. a3 Rad8 16. f4 exd4 17. Bxd4 Nh5 18. Qe3 Bxd4 19. Rxd4 Qb6 20. Red1
Nb8 21. Kf2 Rxd4 22. Qxd4 Qxd4+ 23. Rxd4 f6 24. h4 Re8 25. a4 a6 26. Rd6
Kf7 27. axb5 axb5 28. Ne2 Ke7 29. Rd1 Ng7 30. g4 Ne6 31. g5 fxg5 32. hxg5
Na6 33. e5 Nb4 34. Ke3 Ra8 35. Rh1 Nf8 36. Nd4 Ra6 37. Be4 Ra2 38. Rb1 Kd7
39. Rd1 Rxb2 40. Nxc6+ Nd3 41. Bxd3 cxd3 42. Nd4 Ne6 43. Rxd3 Nxd4 44. Kxd4
Ke6 45. Kc5 Kf5 46. Rd4 Ra2 47. Kxb5 Rc2 48. Rc4 Rh2 49. Kc6 h6 50. gxh6
Rxh6 51. Kd5 { Game drawn by mutual agreement } 1/2-1/2

[Event "ICC tourney 2532 (25 5)"]
[Site "Internet Chess Club"]
[Date "2021.04.24"]
[Round "4"]
[White "BRAWER, GRIFFIN:K12-15017121"]
[Black "C FOX, NOLAN:K12-30126081"]
[Result "1-0"]
[ICCResult "Black checkmated"]
[WhiteElo "1241"]
[BlackElo "318"]
[Opening "Queen's pawn game, Chigorin variation"]
[ECO "D02"]
[NIC "QP.08"]
[Time "17:05:53"]
[PlyCount "35"]
[TimeControl "1500+5"]

1. d4 d5 2. Nf3 Nc6 3. Bf4 Bf5 4. e3 e6 5. c4 Bb4+ 6. Nc3 Bxc3+ 7. bxc3
dxc4 8. Bxc4 Nf6 9. Bg5 h6 10. Bh4 O-O 11. O-O Bg4 12. h3 Bxf3 13. Qxf3 Qd7
14. Bxf6 gxf6 15. Qxf6 Qd8 16. Qxh6 Na5 17. Bd3 Qd5 18. Qh7# { Black
checkmated } 1-0

[Event "ICC tourney 2532 (25 5)"]
[Site "Internet Chess Club"]
[Date "2021.04.24"]
[Round "4"]
[White "MADDEN LANE, LUCA:K12-15596114"]
[Black "GALVAN, EFRAIN:K12-15644368"]
[Result "1-0"]
[ICCResult "Black checkmated"]
[WhiteElo "1339"]
[BlackElo "510"]
[Opening "Queen's pawn game"]
[ECO "D02"]
[NIC "QP.08"]
[Time "17:07:18"]
[PlyCount "27"]
[TimeControl "1500+5"]

1. d4 d5 2. Nf3 e6 3. g3 Nc6 4. Bg2 Nf6 5. O-O Be7 6. b3 O-O 7. Bb2 Bd6 8.
c4 e5 9. dxe5 Bc5 10. exf6 g6 11. Qd2 Bb4 12. Qh6 Qxf6 13. Bxf6 Ne7 14.
Qg7# { Black checkmated } 1-0

[Event "ICC tourney 2532 (25 5)"]
[Site "Internet Chess Club"]
[Date "2021.04.24"]
[Round "4"]
[White "VASIREDDY, SACHITH:K12-17163507"]
[Black "NICHOLAS, NASH:K12-14890410"]
[Result "0-1"]
[ICCResult "White checkmated"]
[WhiteElo "169"]
[BlackElo "1426"]
[Opening "French: Two knights variation"]
[ECO "C00"]
[NIC "FR.01"]
[Time "17:07:07"]
[PlyCount "142"]
[TimeControl "1500+5"]

1. e4 e6 2. Nc3 d5 3. Nf3 Bb4 4. d4 c5 5. dxc5 Bxc5 6. Be3 Bxe3 7. fxe3 Nf6
8. Bd3 Qa5 9. O-O O-O 10. exd5 Nxd5 11. Nxd5 Qxd5 12. Be2 Rd8 13. Qxd5 Rxd5
14. e4 Rd8 15. Ne5 b6 16. Nc4 Bb7 17. Bf3 Rd4 18. e5 Bxf3 19. Rxf3 Rxc4 20.
Rc3 Rxc3 21. bxc3 Nc6 22. Rd1 Rd8 23. Rxd8+ Nxd8 24. Kf2 Nc6 25. Ke3 Nxe5
26. Kd4 Ng4 27. Kc4 Ne3+ 28. Kb5 Nxc2 29. c4 Na3+ 30. Kb4 Nc2+ 31. Kb5 e5
32. c5 bxc5 33. Kxc5 e4 34. Kc4 e3 35. Kd3 Nb4+ 36. Kxe3 Nxa2 37. Kd3 Nb4+
38. Kc4 Nc6 39. Kc5 Ne5 40. Kb5 Ng4 41. h3 Ne3 42. g3 Nf1 43. g4 h5 44.
gxh5 Kh7 45. Ka6 Kh6 46. Kxa7 Kxh5 47. Kb7 Kh4 48. Kc7 Kxh3 49. Kd7 g5 50.
Ke7 g4 51. Kxf7 g3 52. Kf6 g2 53. Kf5 g1=Q 54. Ke5 Qe3+ 55. Kd5 Qf4 56. Kc6
Qe4+ 57. Kc5 Kg4 58. Kd6 Qf5 59. Kc6 Kg5 60. Kd6 Qe4 61. Kd7 Kf5 62. Kc7
Qe6 63. Kb7 Kf6 64. Kc7 Kf7 65. Kb7 Ke7 66. Kc7 Qd6+ 67. Kb7 Kd7 68. Ka8
Qc6+ 69. Ka7 Qb5 70. Ka8 Kc7 71. Ka7 Qb7# { White checkmated } 0-1

[Event "ICC tourney 2532 (25 5)"]
[Site "Internet Chess Club"]
[Date "2021.04.24"]
[Round "4"]
[White "JOZLYN DIXIE, SOLEIL:K12-15083804"]
[Black "XU, JAYDEN:K12-15918365"]
[Result "0-1"]
[ICCResult "White checkmated"]
[WhiteElo "750"]
[BlackElo "1773"]
[Opening "Queen's pawn game"]
[ECO "A46"]
[NIC "QP.06"]
[Time "17:06:47"]
[PlyCount "24"]
[TimeControl "1500+5"]

1. d4 Nf6 2. Nf3 e6 3. Nc3 d5 4. Bf4 c5 5. e3 Nbd7 6. Bb5 a6 7. Qd3 axb5 8.
O-O-O c4 9. Qe2 Nb6 10. Nxb5 Rxa2 11. Nc7+ Ke7 12. Qd2 Ra1# { White
checkmated } 0-1

[Event "ICC tourney 2532 (25 5)"]
[Site "Internet Chess Club"]
[Date "2021.04.24"]
[Round "4"]
[White "EDWARD MCDONNELL, PATRICK:K12-17294137"]
[Black "SEO, CHRISTOPHER:K12-15644992"]
[Result "0-1"]
[ICCResult "White resigns"]
[WhiteElo "218"]
[BlackElo "1008"]
[Opening "Robatsch (modern) defense"]
[ECO "B06"]
[NIC "KF.05"]
[Time "17:06:58"]
[PlyCount "90"]
[TimeControl "1500+5"]

1. e4 g6 2. d4 Bg7 3. Nf3 d6 4. Be3 c6 5. Nc3 Nf6 6. Qd2 O-O 7. Bh6 Bg4 8.
Bxg7 Kxg7 9. O-O-O Bxf3 10. gxf3 b5 11. e5 dxe5 12. dxe5 Nd5 13. Nxd5 cxd5
14. Qxd5 Qxd5 15. Rxd5 Nc6 16. Bxb5 e6 17. Rc5 Nd4 18. Rd1 Nxf3 19. Bc6
Rac8 20. Rc3 Nxe5 21. f4 Nxc6 22. Rd6 Ne7 23. Rxc8 Rxc8 24. Rd7 Nf5 25.
Rxa7 Rc4 26. a4 Rxf4 27. a5 Ra4 28. a6 Nd6 29. b3 Ra5 30. b4 Ra4 31. c3 Nb5
32. Ra8 Nxc3 33. Kb2 Nd5 34. Kb3 Nb6 35. b5 Nxa8 36. Kxa4 e5 37. Ka5 e4 38.
b6 Nxb6 39. Kxb6 e3 40. a7 e2 41. a8=Q e1=Q 42. Qb8 Qb4+ 43. Kc7 Qxb8+ 44.
Kxb8 f5 45. Kc7 f4 { White resigns } 0-1